Map: Alcyone LE

Players

Brahhp

  • Race: Zerg Zerg
  • League: Platinum
  • Spawn Location: 7:00

Subwayeatn - Winner!

  • Race: Zerg Zerg
  • League: Platinum
  • Spawn Location: 1:00

VOD

Have the link to the VOD?

Description

Time

  • Played on: Nov. 3, 2023, 12:59 p.m.
  • Length: 3:26
Show
View Real Time Build Order
Export as new Build Order

Brahhp Zerg 

Build Orders: Pool First 

Get SALT Encoding   

  12  0:01  Drone  
  13  0:12  Overlord  
  13  0:17  Drone  
  14  0:30  Drone x2  
  14  0:35  Drone  
  17  0:50  Spawning Pool  
  17  0:51  Drone  
  17  0:56  Extractor  
  16  1:13  Hatchery  
  15  1:22  Drone x3  
  18  1:36  Queen  
  20  1:41  Overlord  
  20  1:46  Zergling x2  
  21  1:55  Zergling x2  
  22  2:10  Zergling x2  
  23  2:17  Zergling x2  
  24  2:24  Queen  
  24  2:27  Zergling x4  
  28  2:37  Drone  
  28  2:38  Drone  
  30  2:50  Baneling Nest  
Show
View Real Time Build Order
Export as new Build Order

Subwayeatn Zerg - Winner!

Build Orders: Pool First 

Get SALT Encoding   

  12  0:00  Drone  
  13  0:08  Drone  
  13  0:12  Extractor  
  13  0:28  Spawning Pool  
  12  0:59  Hatchery  
  11  1:12  Overlord  
  11  1:25  Metabolic Boost  
  11  1:27  Zergling x2  
  13  1:32  Zergling x2  
  13  1:37  Zergling x2  
  14  1:49  Drone  
  14  1:50  Drone  
  16  1:59  Queen  
  18  2:05  Zergling x2  
  19  2:19  Queen  
  21  2:26  Zergling x4  
  23  2:32  Zergling x2  
  23  2:35  Zergling x2  
  25  2:39  Zergling x2  
  25  2:42  Zergling x2  
  27  2:49  Zergling x2  
Tags
 
Matchup
ZvZ
Race
Zerg
Replay Pack
Multiplayer
Spawn Locations
Cross Positions
Add a new tag
Caveats
  • Supply blocks, unpowered buildings, or Contaminate may cause inaccurate times.
  • Supply counts are checked every 10 seconds.